 Dungeon Crawl Stone Soup version 0.32-a0-932-g5467873 (webtiles) character file.

Game seed: 6931252928210839792

26 dddddd the Trooper (level 2, -1/24 HPs)
             Began as a Demonspawn Fighter on Apr 14, 2024.
             Killed by nerve-wracking pain
             ... invoked by Grinder
              (13 damage)
             ... on level 3 of the Dungeon.
             The game lasted 00:04:59 (1504 turns).

dddddd the Trooper (Demonspawn Fighter)             Turns: 1504, Time: 00:05:00

Health: -1/24      AC:  9    Str: 16    XL:     2   Next: 89%
Magic:  2/2        EV:  5    Int:  8    God:
Gold:   117        SH:  4    Dex: 12    Spells: 1/1 levels left

rFire   . . .        a - +1 war axe
rCold   . . .        c - +0 buckler
rNeg    . . .        f - +0 chain mail
rPois   .            (no helmet)
rElec   .            (no cloak)
rCorr   .            (no gloves)
SInv    .            (no boots)
Will    .....        (no amulet) Stlth
                     (no ring)
HPRegen 0.24/turn    (no ring)
MPRegen 0.08/turn

%: no passive effects
@: no status effects
A: ignite blood 1
a: no special abilities


You were on level 3 of the Dungeon.
You visited 1 branch of the dungeon, and saw 3 of its levels.

You collected 117 gold pieces.

Inventory:

Hand Weapons
 a - a +1 war axe (weapon)
Missiles
 e - 5 poisoned darts (quivered)
Armour
 c - a +0 buckler (worn)
 f - a +0 chain mail (worn)
Scrolls
 g - a scroll of identify
Potions
 b - a potion of brilliance
 d - 2 potions of might


   Skills:
 + Level 3.2 Fighting
 * Level 2.4 Axes
 + Level 2.9 Armour
 + Level 2.9 Shields


You had one spell level left.
You didn't know any spells.
Your spell library contained the following spells:

 Spells                   Type           Power      Damage    Failure   Level
 Tukima's Dance           Hex            0%         N/A       100%        3
 Passage of Golubria      Tloc           0%         N/A       100%        4
 Yara's Violent Unravell  Hex/Alch       0%         3d3       100%        5


Dungeon Overview and Level Annotations

Branches:
Dungeon (3/15)

Altars:

Shops:
D:1 =:[*(

Annotations:
D:3 Grinder


Innate Abilities, Weirdness & Mutations

Your demonic aura sometimes causes spilled blood to erupt in flames.


Message History

Grinder is lightly wounded.
Grinder barely misses you. Grinder hits you but does no damage.
You slash Grinder!
Grinder is moderately wounded.
You block Grinder's attack.
You barely miss Grinder.
Grinder is moderately wounded.
You block Grinder's attack. Grinder hits you!
You writhe in agony.
You barely miss Grinder.
Grinder is moderately wounded.
Your transformation is almost over.
Grinder hits you but does no damage.
You barely miss Grinder.
Grinder is moderately wounded.
Grinder hits you but does no damage. x2
You closely miss Grinder.
Grinder is moderately wounded.
You block Grinder's attack.
You closely miss Grinder.
Grinder is moderately wounded.
Grinder hits you but does no damage.
You slash Grinder!
Grinder is heavily wounded.
Grinder gestures at you.
You suddenly lose the ability to move!
Grinder gestures at you.
You struggle to resist.
Grinder blinks!
Grinder hits you but does no damage.
You can move again.
You cannot move.
You slash Grinder!
Grinder is severely wounded.
You feel less wooden.
Your +0 chain mail unmelds from your body.
Grinder gestures at you. Pain shoots through your body!
Ouch! That really hurt!
You die...
Grinder says, "Now the real fun starts!"

*,,,,,,,,,,*
*****,,,,,,,,,,**********
*,,,,,,,,,,,,,,,,,,,,,,,,
*,**#########************
###.###>#......,,,,,,******
###.#..........,,,,,,,,,,,,
###.#.#...#####************
###.#.#.....#####..,* *
###.#.#...@5.......,* *
###.#.:†#.##.####..,**** *
###.###.#.#....,,,,,,,,* *
###.###.#.#....#*,****,* *
###.###<#.#......,,,,*,* *
###.#...#.#..#..#.,,,*,* *
###.#.#.#.#..#..#,#,,,,* *
###.#.#.#.#..#..#,**,,,****
###.#.#.#.#..#.,*,**,,,,,,,


You could see Grinder.

Vanquished Creatures
  A ribbon worm (D:3)
  2 bats (D:2)
  A giant cockroach (D:2)
  2 goblins (D:2)
  5 hobgoblins
  4 jackals (D:1)
  2 frilled lizards
  2 kobolds (D:1)
  2 rats (D:1)
21 creatures vanquished.

Notes
Turn   | Place    | Note
-------+----------+-------------------------------------------
     0 | D:1      | dddddd the Demonspawn Fighter began the quest for the Orb.
     0 | D:1      | Reached XP level 1. HP: 18/18 MP: 1/1
    92 | D:1      | Found Pinyhecu's General Store.
   131 | D:1      | Found Foniokh's Book Shop.
   214 | D:1      | Found Hiyn's Jewellery Emporium.
   350 | D:1      | Found Halas's Antique Armour Shop.
   381 | D:1      | Found Sejiarora's Weapon Shop.
   490 | D:1      | Gained mutation: Your demonic aura sometimes causes spilled
                  | blood to erupt in flames. [demonic ancestry]
   490 | D:1      | Reached XP level 2. HP: 24/24 MP: 2/2
  1069 | D:2      | Identified the +2 sling of Joluwon {freeze, MP+9 Int+5}
  1322 | D:2      | Found a faded altar of an unknown god.
  1474 | D:3      | Noticed Grinder
  1477 | D:3      | Paralysed by Grinder for 3 turns
  1501 | D:3      | Paralysed by Grinder for 3 turns
  1504 | D:3      | Killed from afar by Grinder

Illustrated notes

Levels and vault maps discovered:
D:1:      heliophobic_arrival_enchanted_forest, layout_loops_corners,
          serial_shops, shop, shop, nicolae_shop_hallway_plus,
          nicolae_shop_gibbet_a_chance, shop, minmay_quantized
D:2:      layout_rooms, shapermc_ecumenical_altar_gd
D:3:      lemuel_castle_with_subvaults [lemuel_castle_interior_carwin_3],
          layout_basic, gammafunk_temple_overflow_wave, uniq_grinder,
          uniq_jessica

Skill      XL: |  1 |
---------------+----+-----
Axes           | 2 |  2.4
Fighting       | |  3.2
Armour         | |  2.9
Shields        | |  2.9

Action                     || total
---------------------------++-------
  Melee: War axe           ||    75
    Use: Scroll            ||     5
 Armour: Chain mail        ||    76
         Skin              ||    10
  Dodge: Dodged            ||    28
  Block: Buckler           ||    19

Table legend: (Time is in decaauts)
 A = Elapsed time spent in this place.
 B = Non-inter-level travel time spent in this place.
 C = Inter-level travel time spent in this place.
 D = Time resting spent in this place.
 E = Time spent auto-exploring this place.
 F = Levels seen in this place.
 G = Mean time per level.
                   A        B        C        D        E       F      G
               +--------+--------+--------+--------+--------+-----+--------+
         Total |   1536 |   1444 |     92 |      0 |   1234 |   3 |  512.0 |
       Dungeon |   1536 |   1444 |     92 |      0 |   1234 |   3 |  512.0 |
               +--------+--------+--------+--------+--------+-----+--------+

Top non-repeatable levels by time:
     D:1: 997 daAuts
     D:2: 485 daAuts
     D:3: 53 daAuts
